 Dungeon Crawl Stone Soup version 0.30-a0-743-gbfdf073431 (webtiles) character file.

Game seed: 1039885649006204938

4 boo the Ducker (level 1, 0/16 HPs)
             Began as a Merfolk Gladiator on Feb 6, 2023.
             Succumbed to a kobold's poison
             ... on level 1 of the Dungeon.
             The game lasted 00:00:22 (84 turns).

boo the Ducker (Merfolk Gladiator)                    Turns: 84, Time: 00:00:22

Health: 0/16       AC:  4    Str: 14    XL:     1   Next: 60%
Magic:  1/1        EV: 13    Int:  7    God:
Gold:   7          SH:  0    Dex: 15    Spells: 0/0 levels left

rFire   . . .      SeeInvis .    a - +0 long sword
rCold   . . .      Faith    .    (no shield)
rNeg    . . .      Spirit   .    b - +0 leather armour
rPois   .          Reflect  .    c - +0 helmet
rElec   .          Harm     .    (no cloak)
rCorr   .          Rampage  .    (no gloves)
Will    .....                    (no boots)
Stlth   +                        (no amulet)
HPRegen 0.22/turn                (no ring)
MPRegen 0.07/turn                (no ring)

@: lethally poisoned (0 -> -1)
A: (nimble swimmer 2), mertail
a: no special abilities


You were on level 1 of the Dungeon.
You visited 1 branch of the dungeon, and saw 1 of its levels.

You collected 7 gold pieces.

Inventory:

Hand Weapons
 a - a +0 long sword (weapon)
Missiles
 d - 3 throwing nets (quivered)
 e - a javelin
Armour
 b - a +0 leather armour (worn)
 c - a +0 helmet (worn)
Scrolls
 f - a scroll of identify {unknown}
Potions
 g - a potion of haste {unknown}


   Skills:
 + Level 2.3 Fighting
 * Level 3.8 Long Blades
 - Level 2.0 Throwing
 + Level 4.1 Dodging


You couldn't memorise any spells.
You didn't know any spells.
Your spell library was empty.

Dungeon Overview and Level Annotations

Branches:
Dungeon (1/15)

Altars:


Innate Abilities, Weirdness & Mutations

((You are very nimble when in or above water. (Stealth+, EV+, Speed+++)))
Your lower body shifts to a powerful aquatic tail in water.


Message History

You kill the rat!
No target in view!
No target in view!
No target in view!
No target in view!
HP restored.
A kobold comes into view. It is wielding a +0 dagger of venom.
Found a book of the Hunter.
A kobold is nearby!
A kobold is nearby!
A kobold is nearby!
The kobold shouts!
You see here a sedimented silvery potion.
A kobold comes into view. It is wielding a +0 short sword.
The kobold shouts!
Unknown command.
You closely miss the kobold. The kobold closely misses you.
The kobold hits you but does no damage.
You are poisoned.
You barely miss the kobold.
You feel very sick. The kobold completely misses you. The kobold misses you.
You slash the kobold!
You kill the kobold!
You feel sick. The kobold completely misses you.
The kobold hits you but does no damage.
You hit the kobold but do no damage.
You feel sick.
The kobold hits you with a +0 short sword.
You are too injured to fight recklessly!
You are too injured to fight recklessly!
You closely miss the kobold.
You feel sick. The kobold closely misses you.
You closely miss the kobold.
You feel sick.
The kobold hits you with a +0 short sword.
* * * LOW HITPOINT WARNING * * *
You hit the kobold but do no damage.
You feel sick.
The kobold hits you with a +0 short sword.
* * * LOW HITPOINT WARNING * * *
You slash the kobold!
You kill the kobold!
You die...

###### ##+#####
####.... #......#
#......# #:.....#
#......# #......#
#......# #...)).#
#......# #....@###
##....##
#...#..!######.#..#
#..
###.....##.#..####
#. #####..#.#......
# ##.#.#.####)
#...#......
##..#####.# #...#
#.# .#..# #.#


There were no monsters in sight!

Vanquished Creatures
  4 kobolds (D:1)
  A rat (D:1)
5 creatures vanquished.

Notes
Turn   | Place    | Note
-------+----------+-------------------------------------------
     0 | D:1      | boo the Merfolk Gladiator began the quest for the Orb.
     0 | D:1      | Reached XP level 1. HP: 16/16 MP: 1/1
    84 | D:1      | Succumbed to a kobold's poison

Illustrated notes

Levels and vault maps discovered:
D:1:      reono_arrival_mine, layout_basic

Action                     || total
---------------------------++-------
  Melee: Long sword        ||    15
 Armour: Leather armour    ||     7
  Dodge: Dodged            ||     6

Table legend: (Time is in decaauts)
 A = Elapsed time spent in this place.
 B = Non-inter-level travel time spent in this place.
 C = Inter-level travel time spent in this place.
 D = Time resting spent in this place.
 E = Time spent auto-exploring this place.
 F = Levels seen in this place.
 G = Mean time per level.
                   A        B        C        D        E       F      G
               +--------+--------+--------+--------+--------+-----+--------+
         Total |     86 |     86 |      0 |      0 |     53 |   1 |   86.0 |
       Dungeon |     86 |     86 |      0 |      0 |     53 |   1 |   86.0 |
               +--------+--------+--------+--------+--------+-----+--------+

Top non-repeatable levels by time:
     D:1: 86 daAuts
